 Dungeon Crawl Stone Soup version 0.29-a0-559-g359e09b9d1 (webtiles) character file.

Game seed: 15836177684914941029

339 dolemite99 the Cruncher (level 7, -1/49 (55) HPs)
             Began as a Meteoran Gladiator on June 10, 2022.
             Was a Believer of Wu Jian.
             Slain by Duvessa
             ... wielding a +2 short sword of electrocution
              (9 damage)
             ... on level 4 of the Dungeon.
             The game lasted 00:03:47 (1967 turns).

dolemite99 the Cruncher (Meteoran Gladiator)        Turns: 1967, Time: 00:03:48

HP:   -1/49 (55)    AC:  4    Str: 16 (17) XL:     7   Next: 11%
MP:   8/8           EV:  7    Int:  8 (10) God:    Wu Jian [**....]
Gold: 112           SH:  4    Dex: 14 (16) Spells: 6/6 levels left

rFire   . . .      SeeInvis .   a - +0 quarterstaff
rCold   . . .      Faith    .   (shield currently unavailable)
rNeg    . . .      Spirit   .   i - +0 chain mail
rPois   .          Reflect  .   (helmet restricted)
rElec   .          Harm     .   (no cloak)
rCorr   .          Rampage  .   (no gloves)
Will    .....                   (no boots)
Stlth   ..........              (no amulet)
HPRegen 0.16/turn               (no ring)
MPRegen 0.11/turn               (no ring)

@: about to teleport, glowing, studying Transmutations, heavily drained
A: sense surroundings 1, otherworldly, glowing, explore regen, horns 1, large
bone plates 1, deformed body
a: Renounce Religion, Wall Jump


You were on level 4 of the Dungeon.
You worshipped Wu Jian.
Wu Jian was pleased with you.
You visited 1 branch of the dungeon, and saw 4 of its levels.

You collected 112 gold pieces.

Inventory:

Hand Weapons
 a - a +0 quarterstaff (weapon)
 l - a +0 vampiric hand axe
Missiles
 d - 3 throwing nets
 e - a javelin
 f - 15 poisoned darts (quivered)
Armour
 b - a +0 leather armour
 c - a +1 helmet
 h - a +0 chain mail
 i - a +0 chain mail (worn)
Wands
 m - a wand of flame (49)
Scrolls
 j - a scroll of blinking {unknown}
 n - a scroll of torment {unknown}
 q - a scroll of vulnerability {unknown}
 s - a scroll of magic mapping
Potions
 g - a potion of attraction {unknown}
 k - a potion of heal wounds {unknown}
 o - a potion of degeneration
 r - a potion of flight {unknown}


   Skills:
 - Level 2.1 Fighting
 + Level 8.6 Staves
 - Level 2.4 Throwing
 - Level 3.6 Dodging


You had 6 spell levels left.
You didn't know any spells.
Your spell library was empty.

Dungeon Overview and Level Annotations

Branches:
Dungeon (4/15)
 Temple: D:4-7

Altars:
Wu Jian

Annotations:
D:4 Dowan, Duvessa


Innate Abilities, Weirdness & Mutations

You passively map a small area around you.
You are easily found by Zot.
You glow in the dark.
You regain HP and MP as you explore.
You have a pair of small horns on your head.
You are partially covered in large bone plates. (SH +4)
Armour fits poorly on your strangely shaped body.


Message History

a +0 club; a +2 hunting sling of flaming; a goblin corpse
Things that are here:
a +0 club; a +2 hunting sling of flaming; a goblin corpse
f - 14 poisoned darts (gained 1)
r - a fizzy golden potion
s - a scroll of magic mapping
There is nothing to wall jump against here.
f - 15 poisoned darts (gained 1)
You now have 112 gold pieces (gained 13).
You open the door.
Dowan and a hobgoblin come into view.
Dowan is wielding a +0 dagger and wearing a +2 robe of cold resistance.
Dowan shouts!
The hobgoblin shouts!
Duvessa, Sister of Dowan comes into view.
She is wielding a +2 short sword of electrocution.
A quokka comes into view.
There are monsters nearby!
Okay, then.
Dowan drinks a potion.
Dowan flickers and vanishes!
Deactivating autopickup; reactivate with Ctrl-A.
You hit Duvessa but do no damage. You block Duvessa's attack.
You hit Duvessa but do no damage. You barely miss Duvessa.
Duvessa barely misses you.
You barely miss Duvessa. Duvessa barely misses you.
You hit Duvessa but do no damage.
Duvessa hits you with a +2 short sword of electrocution!
You hit Duvessa. You headbutt Duvessa, but do no damage.
Duvessa is lightly wounded.
Duvessa hits you with a +2 short sword of electrocution!
You hit Duvessa.
Duvessa is moderately wounded.
Duvessa hits you with a +2 short sword of electrocution.
You barely miss Duvessa.
Duvessa is moderately wounded.
Duvessa hits you with a +2 short sword of electrocution!
* * * LOW HITPOINT WARNING * * *
Okay, then.
As you read the scroll of teleportation, it crumbles to dust.
You feel strangely unstable.
Duvessa hits you with a +2 short sword of electrocution!
You die...

, , #........... , ,*
#........... , *
#........... , ,
#........... * ,,
#........... ## , *
####........... #.r
...............
#...#########....)......
* ,,+...gre@..#
#........... *
#...#####.# #...........
, #.., , #.#
#........... #., #.#
#........... # #.#
#........... * ,
###.###...........
+..............<.. * *
,,#....##........... ,
#....+............


You could see Duvessa, a quokka and a hobgoblin.

Vanquished Creatures
  Pargi (D:4)
  A scorpion (D:2)
  2 iguanas
  4 gnolls (D:2)
  2 adders (D:2)
  A worm (D:2)
  4 dart slugs
  2 orcs
  3 ball pythons
  4 bats
  5 endoplasms
  2 giant cockroaches
  5 goblins
  7 hobgoblins
  6 kobolds
  3 quokkas (D:1)
  8 frilled lizards
  6 rats
66 creatures vanquished.

Notes
Turn   | Place    | Note
-------+----------+-------------------------------------------
     0 | D:1      | dolemite99 the Meteoran Gladiator began the quest for the
                  | Orb.
     0 | D:1      | Reached XP level 1. HP: 17/17 MP: 2/2
    34 | D:1      | Reached skill level 4 in Staves
    34 | D:1      | Reached XP level 2. HP: 20/24 MP: 3/3
    61 | D:1      | Found a faded altar of an unknown god.
    79 | D:1      | Prayed at the altar of an unknown god.
    79 | D:1      | Became a worshipper of the Wu Jian Council
    79 | D:1      | Reached * piety under Wu Jian
   176 | D:1      | Reached XP level 3. HP: 8/29 MP: 4/4
   241 | D:1      | Reached skill level 5 in Staves
   368 | D:1      | Reached ** piety under Wu Jian
   515 | D:2      | Reached XP level 4. HP: 35/36 MP: 5/5
   565 | D:2      | Reached skill level 6 in Staves
   789 | D:2      | Reached XP level 5. HP: 37/41 MP: 6/6
  1395 | D:2      | Reached skill level 7 in Staves
  1395 | D:2      | Reached XP level 6. HP: 20/48 MP: 7/7
  1400 | D:2      | Gained mutation: You have a pair of small horns on your
                  | head. [potion of mutation]
  1400 | D:2      | Gained mutation: Armour fits poorly on your strangely
                  | shaped body. [potion of mutation]
  1400 | D:2      | Gained mutation: You are partially covered in large bone
                  | plates. (SH +4) [potion of mutation]
  1668 | D:2      | Glimpsed the power of Zot.
  1718 | D:3      | Glimpsed the power of Zot.
  1758 | D:3      | Glimpsed the power of Zot.
  1767 | D:3      | Glimpsed the power of Zot.
  1768 | D:3      | Touched by the power of Zot.
  1815 | D:4      | Noticed Pargi
  1824 | D:4      | Killed Pargi
  1825 | D:4      | Reached skill level 8 in Staves
  1825 | D:4      | Reached XP level 7. HP: 28/48 MP: 8/8
  1955 | D:4      | Noticed Dowan
  1955 | D:4      | Noticed Duvessa
  1967 | D:4      | Slain by Duvessa

Illustrated notes

Levels and vault maps discovered:
D:1:      dpeg_arrival_rooms_c, layout_rooms, ebering_ecumenical_altar_ruins,
          minmay_3d_cube
D:2:      layout_loops_ring, serial_rivers, chequers_serial_rivers_micro_c,
          chequers_serial_rivers_small_a, chequers_serial_rivers_micro_e,
          chequers_serial_rivers_micro_d, chequers_serial_rivers_room_a,
          chequers_serial_rivers_large_b
D:3:      layout_loops_ring, gammafunk_temple_overflow_elements,
          minmay_misc_feat_more_columns, minmay_divided_ellipse,
          uniq_crazy_yiuf_cottage, uniq_jessica
D:4:      layout_basic, uniq_duvessa, uniq_pargi

Skill      XL: |  1  2  3  4  5  6 |
---------------+-------------------+-----
Staves         | 4 5 6 7 8 |  8.6
Fighting       | |  2.1
Throwing       | |  2.4
Dodging        | |  3.6

Action                   |  1- 3 |  4- 6 |  7- 9 || total
-------------------------+-------+-------+-------++-------
Melee: Quarterstaff      |    92 |    93 |    24 ||   209
       Headbutt          |       |     3 |     2 ||     5
Throw: Dart              |       |    12 |     4 ||    16
Invok: Whirlwind         |     7 |     5 |     2 ||    14
       Lunge             |     8 |     6 |     1 ||    15
  Use: Scroll            |       |     4 |     1 ||     5
       Potion            |       |     4 |       ||     4
Armor: Leather armour    |     4 |       |       ||     4
       Chain mail        |    41 |    61 |     3 ||   105
Dodge: Dodged            |    32 |    30 |     5 ||    67
Block: Other             |       |     3 |     3 ||     6

Table legend: (Time is in decaauts)
 A = Elapsed time spent in this place.
 B = Non-inter-level travel time spent in this place.
 C = Inter-level travel time spent in this place.
 D = Time resting spent in this place.
 E = Time spent auto-exploring this place.
 F = Levels seen in this place.
 G = Mean time per level.
                   A        B        C        D        E       F      G
               +--------+--------+--------+--------+--------+-----+--------+
         Total |   1994 |   1967 |     27 |    484 |    826 |   4 |  498.5 |
       Dungeon |   1994 |   1967 |     27 |    484 |    826 |   4 |  498.5 |
               +--------+--------+--------+--------+--------+-----+--------+

Top non-repeatable levels by time:
     D:2: 1166 daAuts
     D:1: 475 daAuts
     D:4: 180 daAuts
     D:3: 172 daAuts
